 Dungeon Crawl Stone Soup version 0.14-a0-3194-g0089908 (webtiles) character file.

6213 4tharraofdagon the Cleaver (level 10, -4/88 HPs)
             Began as a Ghoul Fighter on Mar 11, 2014.
             Was an Elder of Makhleb.
             Slain by a basilisk (12 damage)
             ... in a labyrinth.
             The game lasted 00:31:35 (5041 turns).

4tharraofdagon the Cleaver (Ghoul Fighter)          Turns: 5041, Time: 00:31:35

HP  -4/88        AC 14     Str 24      XL: 10   Next: 83%
MP  22/25        EV  4     Int  3      God: Makhleb [****..]
Gold 296         SH 18     Dex  8      Spells:  0 memorised,  9 levels left

rFire  . . .     SeeInvis .     a - +1 war axe
rCold  + . .     Clarity  .     j - +0 plate armour
rNeg   + + +     Conserve .     c - +0 shield
rPois  +         rCorr    .     (no helmet)
rElec  .         rRot     +     (no cloak)
SustAb . .       Spirit   .     (no gloves)
rMut   .         Warding  .     (no boots)
Saprov + + +     Stasis   .     o - amulet of faith
MR     .....                    E - +1 ring of protection
                                s - ring of magical power

@: rotting, not resistant to hostile enchantments, extremely unstealthy
A: rotting body, claws 1, carnivore 3, cold resistance 1, life protection 3,
poison resistance, saprovore 3, slow healing 1, torment resistance, unbreathing
a: Minor Destruction, Lesser Servant of Makhleb, Major Destruction, Renounce
Religion


You were in a labyrinth.
You worshipped Makhleb.
Makhleb was greatly pleased with you.
You were not hungry.

You visited 3 branches of the dungeon, and saw 13 of its levels.
You also visited: Labyrinth.

You collected 296 gold pieces.

Inventory:

Hand weapons
 a - a +1,+1 war axe (weapon)
 m - a +0 blowgun
 C - a cursed -2,-3 hand axe
Missiles
 k - a poisoned needle
Armour
 b - a cursed +0 scale mail
 c - a +0 shield (worn)
 j - a +0 plate armour (worn)
 D - a +0 chain mail
Magical devices
 l - a wand of disintegration (1)
 p - a wand of confusion (0)
 r - a wand of magic darts (13)
 w - a wand of confusion (0)
 H - a wand of digging (15)
 L - a wand of fireball (0)
Comestibles
 i - a meat ration
 n - 8 slices of pizza
Scrolls
 e - 2 scrolls of remove curse
 g - 3 scrolls of enchant armour
 t - a scroll of enchant weapon II
 u - a scroll of magic mapping
 J - a scroll of random uselessness
 M - 2 scrolls of teleportation
Jewellery
 o - an amulet of faith (around neck)
 s - a ring of magical power (left claw)
 E - a +1 ring of protection (right claw)
 I - an uncursed ring of wizardry
Potions
 d - 3 potions of might {unknown}
 h - 2 potions of brilliance {unknown}
 q - a potion of magic
 v - a potion of speed
 x - a potion of confusion
 z - a potion of restore abilities
 B - 2 potions of resistance
 G - a potion of berserk rage
Magical staves
 A - an uncursed staff of fire
 K - an uncursed staff of poison {unknown}


   Skills:
 - Level 8.2 Fighting
 - Level 9.4 Axes
 - Level 6.7 Armour
 - Level 2.6 Shields
 * Level 5.3 Invocations
 - Level 5.7 Evocations


You had 9 spell levels left.
You didn't know any spells.

Dungeon Overview and Level Annotations

Branches:
Dungeon (11/16)            Temple (1/1) D:7            Lair (1/8) D:10
    Orc: D:9-12

Altars:
Ashenzari
Cheibriados
Elyvilon
Fedhas
Kikubaaqudgha
Makhleb
Nemelex Xobeh
Okawaru
Sif Muna
Vehumet
Xom
Yredelemnul
Zin
The Shining One

Shops:
D:7 [

Annotations:
D:6 Voker57's ghost, experienced GrGl


Innate Abilities, Weirdness & Mutations

Your body is rotting away.
You have sharp fingernails.
You are carnivorous and can eat meat at any time.
Your flesh is cold resistant.
You are immune to negative energy.
Your system is resistant to poisons.
You thrive on rotten meat.
You heal slowly when monsters are visible.
You are immune to unholy pain and torment.
You can survive without breathing.


Message History

Aim: a basilisk (heavily wounded)
You throw a throwing net. The throwing net misses the basilisk.
The basilisk bites you.
* * * LOW HITPOINT WARNING * * *
Unknown command.
Throwing (i - inventory):
y - a throwing net (quivered)
Press: ? - help, Shift-Dir - straight line, f/p - basilisk
Aim: a basilisk (heavily wounded)
You throw a throwing net. The throwing net misses the basilisk.
The basilisk barely misses you.
Unknown command.
Drink which item? (? for menu, Esc to quit)
You feel better. The basilisk bites you!
* * * LOW HITPOINT WARNING * * *
Evoke which item? (* to show all) (? for menu, Esc to quit)
Zapping:
l - a wand of disintegration (2)
Press: ? - help, Shift-Dir - straight line, f/p - basilisk
Aim: a basilisk (heavily wounded)
The basilisk is blasted.
This wand has 1 charge left.
The basilisk bites you!
You die...

.. .. . .
# # # ###
. . #. #
. ### #.
# .. #@#
.# # .#l#
#.####
#..(.....
.# #
#######.#
# ## #...
......f#
#####.#
..#.# # .
([ ...# #
#.#.# .
#.#l# ...
.#


You could see a basilisk.

Vanquished Creatures
  An elephant (D:10)
  A wandering mushroom (Lab)
  A two-headed ogre (D:9)
  A basilisk (Lab)
  A shadow (Lab)
  Eustachio (D:6)
  5 gargoyles
  Edmund (D:5)
  3 wolves (Lair:1)
  A phantom (D:10)
  A sky beast (D:6)
  An ice beast (D:7)
  4 ogres
  A yellow wasp (D:9)
  4 giant frogs
  3 centaurs
  A big kobold (D:10)
  A crocodile (D:9)
  3 gnoll sergeants (D:9)
  Blork the orc (D:5)
  An eye of draining (D:9)
  A scorpion (D:8)
  A hippogriff skeleton (D:6)
  3 wights (D:7)
  8 crimson imps
  A jelly (D:10)
  4 killer bees
  4 orc priests
  A giant frog zombie (D:9)
  11 hounds
  2 gnoll shamans (D:9)
  5 worker ants
  A black bear skeleton (D:4)
  An orc wizard (D:10)
  2 iguanas
  A sheep (D:10)
  Ijyb (D:2)
  A mummy (D:7)
  2 hound zombies (D:6)
  2 humans (D:9)
  An orc zombie (D:5)
  14 gnolls
  A green rat (D:6)
  5 adders
  5 giant mites
  A white imp (D:6)
  3 worms
  2 ufetubi (D:6)
  A giant gecko (D:3)
  An ooze (D:5)
  25 orcs
  A ball python (D:1)
  A bat skeleton (D:4)
  5 giant cockroaches
  7 hobgoblins
  7 jackals
  9 kobolds
  5 quokkas
  11 bats
  3 giant newts
  5 goblins
  A hobgoblin skeleton (D:7)
  A hobgoblin zombie (D:4)
  8 rats
  A rat zombie (D:6)
213 creatures vanquished.

Vanquished Creatures (others)
  A giant spore (D:8)
1 creature vanquished.

Grand Total: 214 creatures vanquished

Notes
Turn   | Place    | Note
--------------------------------------------------------------
     0 | D:1      | 4tharraofdagon, the Ghoul Fighter, began the quest for the Orb.
     0 | D:1      | Reached XP level 1. HP: 19/19 MP: 1/1
   141 | D:1      | Reached XP level 2. HP: 23/25 MP: 2/2
   316 | D:2      | Noticed Ijyb
   344 | D:2      | Killed Ijyb
   344 | D:2      | Reached XP level 3. HP: 24/29 MP: 3/3
   543 | D:4      | Reached skill level 4 in Fighting
   543 | D:4      | Reached XP level 4. HP: 37/39 MP: 3/3
   547 | D:4      | Found a snail-covered altar of Cheibriados.
   554 | D:4      | Noticed an ogre
   574 | D:4      | Killed an ogre
   574 | D:4      | Reached XP level 5. HP: 5/46 MP: 4/4
   765 | D:5      | Entered Level 5 of the Dungeon
   765 | D:5      | Noticed Blork the orc
   882 | D:4      | Reached XP level 6. HP: 39/53 MP: 5/5
  1221 | D:5      | Killed Blork the orc
  1302 | D:5      | Noticed Edmund
  1349 | D:5      | Killed Edmund
  1349 | D:5      | Reached skill level 5 in Fighting
  1349 | D:5      | Reached skill level 5 in Axes
  1349 | D:5      | Reached skill level 1 in Evocations
  1349 | D:5      | Reached XP level 7. HP: 14/61 MP: 5/6
  1402 | D:5      | Found an ancient bone altar of Kikubaaqudgha.
  1420 | D:5      | Found a sparkling altar of Nemelex Xobeh.
  1480 | D:6      | Noticed Voker57's ghost (experienced GrGl)
  1747 | D:6      | Noticed Eustachio
  1751 | D:6      | Reached XP level 8. HP: 51/68 MP: 8/8
  1810 | D:6      | Killed Eustachio
  1810 | D:6      | Reached skill level 6 in Axes
  2109 | D:7      | Reached skill level 5 in Armour
  2141 | D:7      | Found a staircase to the Ecumenical Temple.
  2285 | Temple   | Entered the Ecumenical Temple
  2409 | Temple   | Became a worshipper of Makhleb the Destroyer
  2500 | D:7      | Found Ymoda's Antique Armour Shoppe.
  2793 | D:7      | Reached skill level 7 in Axes
  2799 | D:7      | Reached XP level 9. HP: 61/77 MP: 12/12
  3055 | D:9      | Acquired Makhleb's first power
  3244 | D:9      | Reached skill level 8 in Axes
  3335 | D:10     | Entered Level 10 of the Dungeon
  3378 | D:9      | Acquired Makhleb's second power
  3425 | D:9      | Found a basalt altar of Yredelemnul.
  3614 | D:9      | Reached XP level 10. HP: 29/86 MP: 15/15
  3685 | D:9      | Reached skill level 5 in Evocations
  3892 | D:10     | Acquired Makhleb's third power
  3894 | D:10     | Noticed an elephant
  3929 | D:9      | Reached skill level 9 in Axes
  4167 | D:8      | Noticed a two-headed ogre
  4410 | D:10     | Found a staircase to the Lair.
  4455 | D:10     | Killed an elephant
  4529 | Lair:1   | Entered Level 1 of the Lair of Beasts
  4550 | Lair:1   | Acquired Makhleb's fourth power
  4570 | Lair:1   | Reached skill level 1 in Invocations
  4596 | Lair:1   | Found a labyrinth entrance.
  4608 | Lab      | Entered a labyrinth
  4999 | Lab      | Reached skill level 5 in Invocations
  5041 | Lab      | Slain by a basilisk

Action                   |  1- 3 |  4- 6 |  7- 9 | 10-12 || total
-------------------------+-------+-------+-------+-------++-------
Melee: War axe           |    80 |   204 |   506 |   256 ||  1046
Throw: Throwing net      |       |       |     2 |     4 ||     6
Evoke: Wand              |     1 |    10 |    13 |    15 ||    39
  Use: Scroll            |       |       |    15 |     3 ||    18
       Potion            |       |       |       |     5 ||     5
 Stab: Confused          |       |     1 |       |       ||     1
       Held in net/web   |       |       |     1 |     2 ||     3
